 Dungeon Sprint DCSS version 0.21-a0-104-g7b58145 (webtiles) character file.

260 Kidiri the Covert (level 5, -2/27 HPs)
             Began as a Spriggan Enchanter on July 6, 2017.
             Slain by a neqoxec (4 damage)
             ... in the Dungeon (Sprint II: "The Violet Keep of Menkaure").
             The game lasted 00:00:18 (32 turns).

Kidiri the Covert (Spriggan Enchanter)                Turns: 32, Time: 00:00:19

Health: -2/27      AC:  2    Str:  4    XL:     5   Next: 95%
Magic:  7/15       EV: 23    Int: 17    God:
Gold:   0          SH:  0    Dex: 15    Spells: 16/17 levels left

rFire    . . .     SeeInvis +   a - +1 dagger
rCold    . . .     Gourm    .   (shield restricted)
rNeg     . . .     Faith    .   b - +0 robe
rPois    .         Spirit   .   (helmet restricted)
rElec    .         Reflect  .   (no cloak)
rCorr    .         Harm     .   (gloves unavailable)
MR       .....     NoTele   +   (boots unavailable)
Stlth    ++++......             (no amulet)
HPRegen  0.09/turn              (no ring)
MPRegen  0.14/turn              (no ring)

@: berserk cooldown, slowed, quick
A: unfitting armour, see invisible, clumsy 1, herbivore 3, speed 3, slow
metabolism 2, MP-powered wands
a: no special abilities


You were in the Dungeon.
You were not hungry.

You visited 1 branch

Inventory:

Hand Weapons
 a - a +1 dagger (weapon)
Armour
 b - a +0 robe (worn)
Scrolls
 j - a scroll of blinking
Potions
 e - a potion of curing
 f - a potion of heal wounds
 g - a potion of haste
 h - 2 potions of magic
Books
 c - a book of Maledictions

   Spells                             Type                      Level
   a - Corona                         Hexes                        1
   b - Ensorcelled Hibernation        Hexes/Ice                    2
   c - Confuse                        Hexes                        3
   d - Tukima's Dance                 Hexes                        3
   e - Dazzling Spray                 Conjuration/Hexes            3
Comestibles
 d - a bread ration


   Skills:
 + Level 2.7 Fighting
 * Level 5.7 Short Blades
 + Level 2.4 Armour
 * Level 8.0 Dodging
 * Level 9.4 Stealth
 * Level 6.8 Spellcasting
 + Level 5.7 Hexes


You had 16 spell levels left.
You knew the following spells:

 Your Spells              Type           Power        Failure   Level  Hunger
a - Corona                Hex            ####...      1%          1    None


Dungeon Overview and Level Annotations

Branches:
Dungeon (1/1)

Altars:


Innate Abilities, Weirdness & Mutations

You are very small and have problems with some larger weapons.
You are too small for most types of armour.
You have supernaturally acute eyesight. (SInv)
You are a herbivore.
You cover ground extremely quickly.
You need consume almost no food.
You are clumsy. (Dex -2)
You expend magic power (3 MP) to strengthen your wands.


Message History

You feel clever.
You are no longer berserk.
You are exhausted.
You feel yourself slow down. The neqoxec gestures at you.
Something tries to feed on your intellect!
The neqoxec misses you.
There is an open door here.
You closely miss the neqoxec. The neqoxec completely misses you. x2
You barely miss the neqoxec. The neqoxec closely misses you. x2
You barely miss the neqoxec.
The neqoxec gestures.
The neqoxec completely misses you.
You hit the neqoxec.
The neqoxec is lightly wounded.
The ufetubus hits you.
* * * LOW HITPOINT WARNING * * *
The ufetubus closely misses you. The ufetubus misses you.
The ufetubus closely misses you. The neqoxec hits you.
You die...

## ## ##.
.## .w w.
.#$ # #+#
.##
##.##.m.#
+.<.+.#
##5##...#
#@# .##
#533# #
#.##55#
## ###


You could see 2 neqoxecs, 2 iron imps and 2 ufetubi.

Vanquished Creatures
  2 neqoxecs (D)
2 creatures vanquished.

Notes
Turn   | Place    | Note
-------+----------+-------------------------------------------
     0 | D        | Kidiri the Spriggan Enchanter began the quest for the Orb.
     0 | D        | Reached XP level 1. HP: 9/9 MP: 5/5
     1 | D        | Noticed a tyrant leech
     1 | D        | Noticed a tyrant leech
     5 | D        | Noticed a merfolk siren
     9 | D        | Noticed a neqoxec
     9 | D        | Noticed a neqoxec
     9 | D        | Noticed a neqoxec
     9 | D        | Noticed a neqoxec
    13 | D        | Gained mutation: You are clumsy. (Dex -2) [a neqoxec]
    14 | D        | Noticed an iron imp
    21 | D        | Killed a neqoxec
    21 | D        | Reached skill level 1 in Armour
    21 | D        | Reached skill level 8 in Stealth
    21 | D        | Reached skill level 5 in Spellcasting
    21 | D        | Reached skill level 5 in Hexes
    21 | D        | Reached XP level 2. HP: 7/15 MP: 5/9
    21 | D        | Reached XP level 3. HP: 9/18 MP: 6/11
    21 | D        | Reached XP level 4. HP: 11/23 MP: 6/12
    22 | D        | Gained mutation: You expend magic power (3 MP) to strengthen your wands. [a neqoxec]
    27 | D        | Killed a neqoxec
    27 | D        | Reached skill level 5 in Short Blades
    27 | D        | Reached skill level 9 in Stealth
    27 | D        | Reached XP level 5. HP: 8/27 MP: 6/15
    32 | D        | Slain by a neqoxec

Vault maps used:
D:        the_violet_keep_of_menkaure

Skill      XL: |  1  2  3  4 |
---------------+-------------+-----
Fighting       | 2 |  2.7
Short Blades   | 4 5 |  5.7
Armour         | 1 2 |  2.4
Dodging        | 6 8 |  8.0
Stealth        | 8 9 |  9.4
Spellcasting   | 5 6 |  6.8
Hexes          | 5 |  5.7

Action                   |  1- 3 |  4- 6 || total
-------------------------+-------+-------++-------
Melee: Dagger            |    11 |    10 ||    21
  Use: Potion            |     1 |       ||     1
Dodge: Dodged            |     8 |    10 ||    18
